 Dungeon Crawl Stone Soup version 0.24-a0-279-ga7546fe674 (webtiles) character file.

Game seed: 13725242114328515218

8185 HAL9000 the Covert (level 11, -1/50 HPs)
             Began as a Vine Stalker Assassin on May 1, 2019.
             Was a Believer of Kikubaaqudgha.
             Slain by Grum
             ... wielding a -2 spear
              (6 damage)
             ... on level 9 of the Dungeon.
             The game lasted 00:25:31 (11182 turns).

HAL9000 the Covert (Vine Stalker Assassin)         Turns: 11182, Time: 00:25:32

Health: -1/50      AC:  7    Str: 19    XL:     11   Next: 26%
Magic:  0/14       EV: 12    Int: 12    God:    Kikubaaqudgha [**....]
Gold:   428        SH:  0    Dex: 16    Spells: 10/13 levels left

rFire    . . .     SeeInvis .   s - +2 dagger (holy)
rCold    + . .     Gourm    .   (no shield)
rNeg     . . .     Faith    .   c - +0 robe
rPois    .         Spirit   +   t - +1 helmet
rElec    .         Reflect  .   d - +0 cloak
rCorr    .         Harm     .   (no gloves)
MR       +....                  v - +1 pair of boots
Stlth    +++++.....             (no amulet)
HPRegen  0.56/turn              y - ring of protection from cold
MPRegen  0.14/turn              j - +3 ring of strength (curse)

@: lightly drained
A: fangs 3, regeneration 1, magic shield, antimagic bite, no potion heal 3, rot
immunity
a: Receive Corpses, Renounce Religion


You were on level 9 of the Dungeon.
You worshipped Kikubaaqudgha.
Kikubaaqudgha was pleased with you.
You were not hungry.

You visited 2 branches of the dungeon, and saw 10 of its levels.

You collected 428 gold pieces.

Inventory:

Hand Weapons
 a - a +2 dagger
 b - a +0 blowgun
 h - a +2 dagger of draining
 s - a +2 dagger of holy wrath (weapon)
 D - a +0 rapier
Missiles
 e - 48 poisoned needles
 f - 9 curare-tipped needles
 B - a throwing net
 O - 10 tomahawks (quivered)
Armour
 c - a +0 robe (worn)
 d - a +0 cloak (worn)
 t - a +1 helmet (worn)
 v - a +1 pair of boots (worn)
Jewellery
 j - a cursed +3 ring of strength (right hand)
 y - a ring of protection from cold (left hand)
 z - an uncursed ring of fire
 F - an uncursed ring of wizardry
 I - an uncursed ring of magical power
 N - an uncursed ring of flight
Wands
 r - a wand of enslavement (5)
 x - a wand of flame (2)
 P - a wand of scattershot (6)
Scrolls
 i - 2 scrolls of immolation {unknown}
 l - 2 scrolls of enchant armour {unknown}
 m - 5 scrolls of teleportation
 o - 3 scrolls of remove curse
 A - 2 scrolls of magic mapping {unknown}
 E - a scroll of brand weapon {unknown}
 L - a scroll of torment {unknown}
 M - a scroll of amnesia {unknown}
Potions
 k - a potion of agility
 n - 2 potions of resistance
 p - 7 potions of curing
 q - 3 potions of flight
 u - a potion of heal wounds {unknown}
 w - a potion of lignification
 C - a potion of haste
 G - a potion of cancellation
 H - a potion of mutation {unknown}
 J - 2 potions of brilliance
 K - a potion of might {unknown}
Comestibles
 g - 17 rations


   Skills:
 - Level 1.7(1.6) Fighting
 - Level 10.0(9.8) Short Blades
 - Level 1.7(1.6) Throwing
 - Level 1.5(1.4) Dodging
 - Level 13.1(12.9) Stealth
 + Level 1.7(1.6) Spellcasting
 * Level 8.9(8.8) Necromancy


You had 10 spell levels left.
You knew the following spells:

 Your Spells              Type           Power        Failure   Level  Hunger
a - Vampiric Draining     Necr           ###.......   2%          3    ####...

Your spell library contained the following spells:

 Spells                   Type           Power        Failure   Level  Hunger
 Animate Skeleton         Necr           N/A          1%          1    ##.....
 Pain                     Necr           ###.         1%          1    ##.....
 Corpse Rot               Necr           N/A          1%          2    ###....
 Sublimation of Blood     Necr           ###.......   1%          2    ###....
 Apportation              Tloc           #.....       28%         1    ##.....
 Confusing Touch          Hex            #.....       28%         1    ##.....
 Corona                   Hex            #......      28%         1    ##.....
 Flame Tongue             Conj/Fire      #....        28%         1    ##.....
 Magic Dart               Conj           #...         28%         1    ##.....
 Summon Small Mammal      Summ           #...         28%         1    ##.....
 Searing Ray              Conj           #.....       41%         2    ###....
 Slow                     Hex            #.......     41%         2    ###....
 Throw Flame              Conj/Fire      #.....       41%         2    ###....
 Conjure Flame            Conj/Fire      #.......     65%         3    ####...
 Dazzling Spray           Conj/Hex       #.....       65%         3    ####...
 Inner Flame              Hex/Fire       #.......     65%         3    ####...
 Portal Projectile        Hex/Tloc       #.....       65%         3    ####...
 Cause Fear               Hex            #.........   96%         4    #####..
 Force Lance              Conj/Tloc      #.......     96%         4    #####..
 Fulminant Prism          Conj/Hex       #.........   96%         4    #####..
 Iskenderun's Mystic Bla  Conj           #.......     96%         4    #####..
 Leda's Liquefaction      Hex/Erth       #.........   96%         4    #####..
 Sticky Flame             Conj/Fire      #.......     96%         4    #####..
 Fireball                 Conj/Fire      #.........   100%        5    ######.


Dungeon Overview and Level Annotations

Branches:
Dungeon (9/15)             Temple (1/1) D:7
   Lair: D:8-11         Orc: D:9-12

Altars:
Ashenzari
Cheibriados
Dithmenos
Elyvilon
Fedhas
Gozag
Hepliaklqana
Kikubaaqudgha
Makhleb
Nemelex Xobeh
Okawaru
Qazlal
Ru
Sif Muna
Trog
Uskayaw
Vehumet
Wu Jian
Xom
Yredelemnul
Zin
The Shining One

Shops:
D:6 *   D:8 :

Annotations:
D:9 Grum


Innate Abilities, Weirdness & Mutations

You have razor-sharp teeth.
Your natural rate of healing is unusually fast.
When hurt, damage is shared between your health and your magic reserves.
Your bite disrupts and absorbs the magic of your enemies.
Potions cannot restore your health.
You are immune to rotting.


Message History

* * * LOW HITPOINT WARNING * * *
Grum misses you. The wolf barely misses you. The wolf barely misses you.
Grum hits you but does no damage. The wolf completely misses you.
Grum hits you but does no damage. The wolf completely misses you.
The wolf closely misses you. Grum closely misses you.
The wolf barely misses you.
Grum hits you from afar with a -2 spear!
* * * LOW HITPOINT WARNING * * *
The wolf bites you but does no damage.
The wolf seems less drained.
The wolf completely misses you. The wolf bites you.
* * * LOW HITPOINT WARNING * * *
The wolf bites you.
* * * LOW HITPOINT WARNING * * *
Grum hits you from afar with a -2 spear.
You die...
Kikubaaqudgha rasps: "You have failed me!
Welcome... death!"

##########
######.@..##..###
##.....h..#......## ###
#......g.###......## ###
.... #.........###......#
##.. ....#
##.....)...###.....###...
.....#
#...........###.....##(..
......###.#........##
##.....#...
......)#)###.......#
##....#... .........#
##.....## ##....#..


You could see Grum and a wolf.

Vanquished Creatures
  A two-headed ogre (D:6)
  A queen ant (D:9)
  A hornet (D:9)
  2 hippogriffs
  A spriggan (D:9)
  A steam dragon (D:9)
  17 soldier ants (D:9)
  A water moccasin (D:7)
  2 orc warriors
  3 ice beasts
  3 sky beasts
  2 ogres
  3 phantoms
  2 wolves (D:9)
  A big kobold (D:8)
  2 bullfrogs
  A scorpion (D:5)
  A water moccasin skeleton (D:6)
  5 killer bees (D:8)
  9 wights
  2 howler monkeys
  A crimson imp (D:5)
  A bullfrog zombie (D:5)
  A centaur zombie (D:8)
  2 jellies
  5 orc wizards
  A centaur skeleton (D:8)
  An orc priest (D:8)
  A gnoll shaman (D:5)
  4 hounds
  2 bullfrog skeletons
  2 iguanas (D:7)
  33 worker ants
  A killer bee zombie (D:9)
  3 hound skeletons
  A worker ant zombie (D:5)
  Robin (D:2)
  11 gnolls
  11 adders
  3 worms
  12 dart slugs
  7 leopard geckos
  16 orcs
  13 giant cockroaches
  16 goblins
  18 hobgoblins
  15 kobolds
  A quokka (D:2)
  A ball python (D:1)
  4 bats
  7 frilled lizards
  A jackal skeleton (D:6)
  A jackal zombie (D:6)
  11 rats
269 creatures vanquished.

Notes
Turn   | Place    | Note
-------+----------+-------------------------------------------
     0 | D:1      | HAL9000 the Vine Stalker Assassin began the quest for the
                  | Orb.
     0 | D:1      | Reached XP level 1. HP: 11/11 MP: 2/2
    35 | D:1      | Reached skill level 5 in Stealth
   188 | D:1      | Reached XP level 2. HP: 4/15 MP: 1/3
   623 | D:1      | Reached XP level 3. HP: 18/18 MP: 4/4
   736 | D:1      | Reached skill level 6 in Stealth
  1736 | D:2      | Noticed Robin
  1754 | D:2      | Killed Robin
  1754 | D:2      | Gained mutation: Your natural rate of healing is unusually
                  | fast. [Vine Stalker growth]
  1754 | D:2      | Reached XP level 4. HP: 20/23 MP: 5/5
  2060 | D:2      | Reached skill level 7 in Stealth
  2604 | D:3      | Reached XP level 5. HP: 26/26 MP: 6/6
  2612 | D:3      | Found a stormy altar of Qazlal.
  3072 | D:4      | Reached XP level 6. HP: 30/30 MP: 7/7
  3084 | D:4      | Noticed a phantom
  3091 | D:4      | Killed a phantom
  3091 | D:4      | Reached skill level 8 in Stealth
  3607 | D:4      | Reached XP level 7. HP: 31/34 MP: 8/8
  4108 | D:5      | Entered Level 5 of the Dungeon
  4336 | D:5      | Reached skill level 9 in Stealth
  4675 | D:5      | Reached skill level 5 in Short Blades
  5237 | D:5      | Gained mutation: You have razor-sharp teeth. [Vine Stalker
                  | growth]
  5237 | D:5      | Reached XP level 8. HP: 38/38 MP: 9/9
  5259 | D:5      | Reached skill level 10 in Stealth
  5280 | D:6      | Noticed a hippogriff
  5581 | D:5      | HP: 1/38 [wight/cursed +2 dire flail of freezing (3)]
  5686 | D:6      | Found Tueq's Assorted Antiques.
  5946 | D:6      | Found a deep blue altar of Sif Muna.
  6193 | D:6      | Found an ornate altar of the Wu Jian Council.
  6230 | D:6      | Reached skill level 11 in Stealth
  6346 | D:6      | Reached XP level 9. HP: 21/42 MP: 5/10
  6542 | D:6      | Found an iron altar of Okawaru.
  6577 | D:6      | Noticed a two-headed ogre
  6582 | D:6      | Killed a two-headed ogre
  6948 | D:7      | Found a shadowy altar of Dithmenos.
  6953 | D:7      | Found a hide-covered altar of Uskayaw.
  6953 | D:7      | Found a bloodstained altar of Trog.
  6953 | D:7      | Found a shimmering altar of Xom.
  7121 | D:7      | Found a staircase to the Ecumenical Temple.
  7201 | Temple   | Entered the Ecumenical Temple
  7306 | Temple   | Became a worshipper of Kikubaaqudgha
  7534 | D:7      | Reached skill level 12 in Stealth
  7722 | D:7      | Found a glowing silver altar of Zin.
  7732 | D:7      | Found a blossoming altar of Fedhas.
  8120 | D:8      | Reached XP level 10. HP: 42/46 MP: 11/11
  8306 | D:8      | Found Bulaedost's Book Boutique.
  8430 | D:8      | Reached skill level 10 in Short Blades
  8702 | D:8      | Reached skill level 1 in Dodging
  8838 | D:8      | Reached skill level 13 in Stealth
  8845 | D:8      | Reached * piety under Kikubaaqudgha
  8845 | D:8      | Identified Kikubaaqudgha's Papyrus of Unholy Magic
                  | (Kikubaaqudgha gifted it to you on level 8 of the Dungeon)
  8845 | D:8      | Received a gift from Kikubaaqudgha
  8925 | D:8      | Found a basalt altar of Yredelemnul.
  9463 | D:9      | Reached skill level 1 in Necromancy
  9560 | D:9      | Noticed a queen ant
  9629 | D:9      | Learned a level 3 spell: Vampiric Draining
  9808 | D:9      | Reached skill level 5 in Necromancy
 10340 | D:9      | Reached ** piety under Kikubaaqudgha
 10524 | D:9      | Reached skill level 1 in Spellcasting
 10574 | D:9      | Reached XP level 11. HP: 26/50 MP: 13/13
 10701 | D:9      | Killed a queen ant
 11117 | D:9      | Noticed Grum
 11182 | D:9      | Slain by Grum

Levels and vault maps discovered:
D:1:      minmay_arrival_stair_chambers, layout_basic
D:2:      layout_loops_ring, uniq_robin
D:3:      layout_rooms, lemuel_crystal_altar, kennysheep_generic_room_5
D:4:      layout_basic, first_ration, minmay_misc_feat_plants
D:5:      layout_loops_ring
D:6:      kennysheep_orc_sif_temple, layout_rooms, old_standard_altar,
          okawaru_altar_gauntlet_db, serial_shops, nicolae_shop_stone
D:7:      kennysheep_slugbush, layout_basic, grunt_temple_overflow_open,
          amethyst_overflow_temple_binary, minmay_temple_entry_crystal_x
D:8:      layout_basic, old_standard_altar, serial_shops, shop
D:9:      layout_cave_pods, grunt_pizzeria, minivault_29, uniq_grum
Temple:   nicolae_temple_hex_pool

Skill      XL: |  1  2  3  4  5  6  7  8  9 10 11 |
---------------+----------------------------------+-----
Stealth        | 5 6 7 8 9 11 12 13 | 13.1
Short Blades   | 2 3 4 5 7 9 10 | 10.0
Dodging        | 1 |  1.5
Necromancy     | 7 8 |  8.9
Spellcasting   | 1 |  1.7
Fighting       | |  1.7
Throwing       | |  1.7

Action                   |  1- 3 |  4- 6 |  7- 9 | 10-12 || total
-------------------------+-------+-------+-------+-------++-------
Melee: Dagger            |    81 |   176 |   419 |   452 ||  1128
       Bite              |    10 |    46 |   122 |   171 ||   349
 Fire: Blowgun           |       |       |     2 |     8 ||    10
 Cast: Vampiric Draining |       |       |       |     4 ||     4
Evoke: Wand              |       |       |     4 |       ||     4
  Use: Scroll            |       |       |    11 |     2 ||    13
       Potion            |       |       |       |     1 ||     1
 Stab: Sleeping          |    12 |    11 |    17 |    13 ||    53
       Distracted        |       |     1 |       |     5 ||     6
  Eat: Chunk             |     2 |     6 |     8 |     8 ||    24
       Ration            |       |       |     2 |     1 ||     3
Armor: Robe              |     8 |    52 |   124 |    76 ||   260
Dodge: Dodged            |    29 |    78 |   167 |   182 ||   456

Table legend:
 A = Non-vault XP
 B = Vault XP
 C = Vault XP percentage of total XP
 D = Non-vault monster count
 E = Vault monster count
 F = Vault count percentage of total count
                 A         B        C        D         E       F
            +---------+---------+-------+---------+---------+-------
      Total |    6551 |    5143 |  44.0 |     194 |      75 |  27.9
            +---------+---------+-------+---------+---------+-------
        D:1 |      44 |       0 |   0.0 |      27 |       0 |   0.0
        D:2 |      73 |      34 |  31.8 |      28 |      11 |  28.2
        D:3 |     106 |      35 |  24.8 |      25 |       2 |   7.4
        D:4 |     379 |       0 |   0.0 |      16 |       0 |   0.0
        D:5 |     993 |       0 |   0.0 |      24 |       0 |   0.0
        D:6 |    1797 |     295 |  14.1 |      24 |      10 |  29.4
        D:7 |     768 |      36 |   4.5 |      14 |       9 |  39.1
        D:8 |    1391 |      69 |   4.7 |      26 |       2 |   7.1
        D:9 |    1000 |    4674 |  82.4 |      10 |      41 |  80.4
            +---------+---------+-------+---------+---------+-------
